 Dungeon Crawl Stone Soup version 0.29-a0-321-gf1c400731a (webtiles) character file.

Game seed: 7363043478383434047

2 sokol815 the Magician (level 1, 0/13 HPs)
             Began as a Demonspawn Hedge Wizard on Apr 5, 2022.
             Slain by a hobgoblin (3 damage)
             ... on level 1 of the Dungeon.
             The game lasted 00:01:19 (87 turns).

sokol815 the Magician (Demonspawn Hedge Wizard)       Turns: 87, Time: 00:01:20

Health: 0/13       AC:  2    Str: 10    XL:     1   Next: 25%
Magic:  1/4        EV: 12    Int: 15    God:
Gold:   16         SH:  0    Dex: 12    Spells: 5/6 levels left

rFire   . . .      SeeInvis .   a - +0 dagger
rCold   . . .      Faith    .   (no shield)
rNeg    . . .      Spirit   .   b - +0 robe
rPois   .          Reflect  .   c - +0 hat
rElec   .          Harm     .   (no cloak)
rCorr   .          Rampage  .   (no gloves)
Will    .....                   (no boots)
Stlth   ++........              (no amulet)
HPRegen 0.04/turn               (no ring)
MPRegen 0.09/turn               (no ring)

@: very slightly contaminated
A: no striking features
a: no special abilities


You were on level 1 of the Dungeon.
You visited 1 branch of the dungeon, and saw 1 of its levels.

You collected 16 gold pieces.

Inventory:

Hand Weapons
 a - a +0 dagger (weapon)
Armour
 b - a +0 robe (worn)
 c - a +0 hat (worn)
Scrolls
 d - a scroll of magic mapping {unknown}
Potions
 M - a potion of magic


   Skills:
 - Level 1.7 Dodging
 - Level 1.7 Stealth
 - Level 3.0 Spellcasting
 + Level 1.3 Conjurations
 - Level 1.0 Summonings
 - Level 0.8 Translocations


You had 5 spell levels left.
You knew the following spells:

 Your Spells              Type           Power      Damage    Failure   Level
a - Magic Dart            Conj           24%        1d4       12%         1

Your spell library contained the following spells:

 Spells                   Type           Power      Damage    Failure   Level
 Slow                     Hex            8%         N/A       21%         1
 Call Imp                 Summ           5%         N/A       21%         2
 Blink                    Tloc           8%         N/A       22%         2
 Ensorcelled Hibernation  Hex/Ice        4%         N/A       30%         2
 Passwall                 Tmut/Erth      1%         N/A       30%         2
 Conjure Flame            Conj/Fire      4%         6-21      43%         3
 Mephitic Cloud           Conj/Pois/Air  3%         N/A       45%         3
 Swiftness                Air            2%         N/A       52%         3


Dungeon Overview and Level Annotations

Branches:
Dungeon (1/15)

Altars:


Message History

Welcome, sokol815 the Demonspawn Hedge Wizard.
The heart of this dungeon contains the fabulous artefact, the Orb of Zot.
Found 34 gold pieces and a scroll labelled FEUSOO UGYHOO.
Found two stairs.
Okay, then.
Okay, then.
Unknown command.
d - a scroll labelled FEUSOO UGYHOO An endoplasm comes into view.
The endoplasm quivers.
No target in view!
No target in view!
The magic dart hits the endoplasm.
You now have 3/4 mp.
The magic dart hits the endoplasm.
You kill the endoplasm!
You now have 2/4 mp.
No target in view!
You start resting.
MP restored: 4 You now have 16 gold pieces.
A bat comes into view.
The magic dart hits the bat but does no damage.
You now have 3/4 mp.
No target in view!
No target in view!
No target in view!
A bat is nearby!
You miss the bat. The bat closely misses you. The bat hits you.
You take 1 damage, and have 12/13 hp.
The magic dart hits the bat.
The bat hits you but does no damage.
Health restored: 13 You now have 2/4 mp.
The bat hits you.
You take 1 damage, and have 12/13 hp.
You barely miss the bat. The bat closely misses you.
You hit the bat.
You kill the bat!
No target in view!
No target in view!
You pick up a book of Burglary and begin reading...
You add the spells Passwall, Ensorcelled Hibernation and Swiftness to your library.
Health restored: 13; MP restored: 4
Okay, then.
A hobgoblin comes into view.
The magic dart hits the hobgoblin but does no damage.
The hobgoblin shouts!
You now have 3/4 mp.
The magic dart hits the hobgoblin.
A giant cockroach comes into view.
You now have 2/4 mp.
You hit the hobgoblin but do no damage. The hobgoblin misses you.
You hit the hobgoblin.
The giant cockroach bites you but does no damage.
The hobgoblin hits you.
You take 5 damage, and have 8/13 hp.
MASSIVE DAMAGE!!
Aim: a hobgoblin (severely wounded, 100% to hit)
You miscast Magic Dart.
You are very lightly contaminated with residual magic.
Nothing appears to happen.
The giant cockroach bites you. The hobgoblin hits you.
* * * LOW HITPOINT WARNING * * *
You take 5 damage, and have 3/13 hp.
MASSIVE DAMAGE!!
You now have 1/4 mp.
Okay, then.
You barely miss the hobgoblin. Your punch misses the hobgoblin.
The giant cockroach misses you. The hobgoblin hits you.
You die...

........>.........##..
...................... .
..................... ..
#............##.....
...##............##.....
#.........##.........###
#.........##..........
#....................#.
#.....@................
......Bg.............. #
.............#########.
.........###.#
.###.###.# #.# #. #.#
#.# . ..# #.# .. ..


You could see a giant cockroach and a hobgoblin.

Vanquished Creatures
  An endoplasm (D:1)
  A bat (D:1)
2 creatures vanquished.

Notes
Turn   | Place    | Note
-------+----------+-------------------------------------------
     0 | D:1      | sokol815 the Demonspawn Hedge Wizard began the quest for
                  | the Orb.
     0 | D:1      | Reached XP level 1. HP: 13/13 MP: 4/4
    86 | D:1      | HP: 3/13 [hobgoblin (3)]
    87 | D:1      | Slain by a hobgoblin

Illustrated notes

Levels and vault maps discovered:
D:1:      dpeg_arrival_stonehenge_8_columns, layout_basic, serial_park_tiny_1

Action                   || total
-------------------------++-------
Melee: Dagger            ||     6
 Cast: Magic Dart        ||     6
Armor: Robe              ||     2
Dodge: Dodged            ||     4

Table legend: (Time is in decaauts)
 A = Elapsed time spent in this place.
 B = Non-inter-level travel time spent in this place.
 C = Inter-level travel time spent in this place.
 D = Time resting spent in this place.
 E = Time spent auto-exploring this place.
 F = Levels seen in this place.
 G = Mean time per level.
                   A        B        C        D        E       F      G
               +--------+--------+--------+--------+--------+-----+--------+
         Total |     87 |     87 |      0 |     21 |     43 |   1 |   87.0 |
       Dungeon |     87 |     87 |      0 |     21 |     43 |   1 |   87.0 |
               +--------+--------+--------+--------+--------+-----+--------+

Top non-repeatable levels by time:
     D:1: 87 daAuts

Table legend:
 A = Kills in this place as a percentage of kills in entire the game.
 B = Kills by you in this place as a percentage of kills by you in the entire game.
 C = Kills by friends in this place as a percentage of kills by friends in the entire game.
 D = Other kills in this place as a percentage of other kills in the entire game.
 E = Experience gained in this place as a percentage of experience gained in the entire game.
 F = Experience gained in this place divided by the number of levels of this place that you have seen.
                   A       B       C       D       E      F
               +-------+-------+-------+-------+-------+----------------------
         Total | 100.0 | 100.0 |   N/A |   N/A | 100.0 |   3.0
       Dungeon | 100.0 | 100.0 |   N/A |   N/A | 100.0 |   3.0
               +-------+-------+-------+-------+-------+----------------------
